cohdb
Replays
Latest Replays
All Replays
Popular Replays
Top Player Replays
Match Explorer
How It Works
Community
CoH3 Stats
Reddit
Sign in to upload your games and track your stats! →
Sign in with Steam
Match 45376195
Unlisted
Match 45376195
Overview
Messages
Build Orders
End
Construct Infanterie Kompanie
Medical Station
Selects Mechanized Battlegroup
MG 42 Machine Gun Team
GrW 34 Mortar Team
Grenadier Squad
Construct Luftwaffe Kompanie
Grenadier Squad
Selects Raid Package
Support Elements
Jäger Squad
Pioneer Squad
Luftwaffe Officer Quarters
Jäger Squad
Construct Panzergrenadier Kompanie
MG 42 Machine Gun Team
Selects 8 Rad Armored Car
8 Rad Armored Car
251 Medium Carrier
Selects UNKNOWN (2160084)
Nebelwerfer 42 Rocket Launcher Team
Side Skirts
Selects Mobile Repair Stations
StuG III G Assault Gun
Selects Stoßtruppen Assault Package
Pak 40 Anti-tank Gun Team
Pioneer Squad
Pak 40 Anti-tank Gun Team
StuG III G Assault Gun
Pioneer Squad
StuG III G Assault Gun
< blank >
Mullogun
BrummBar
휴일특근(right elbow injury)
RitraXP
Asni
toymachinary
GenghisKant
0
0
Comments
sign in to comment!
No comments posted yet!